[gd_scene load_steps=10 format=2]

[ext_resource path="res://level/GUI/LoadGame.gd" type="Script" id=1]
[ext_resource path="res://assets/img/GUI/Space_BG_04.png" type="Texture" id=2]
[ext_resource path="res://assets/font/StrenuousBL28.tres" type="DynamicFont" id=3]
[ext_resource path="res://assets/other/BattleField.tres" type="Environment" id=4]
[ext_resource path="res://level/GUI/HomeButton.gd" type="Script" id=5]
[ext_resource path="res://assets/img/GUI/button_.png" type="Texture" id=6]
[ext_resource path="res://assets/font/StrenuousBL16.tres" type="DynamicFont" id=7]

[sub_resource type="Animation" id=1]
resource_name = "quit"
length = 0.3
tracks/0/type = "value"
tracks/0/path = NodePath("VBoxContainer:rect_position")
tracks/0/interp = 2
tracks/0/loop_wrap = true
tracks/0/imported = false
tracks/0/enabled = true
tracks/0/keys = {
"times": PoolRealArray( 0, 0.3 ),
"transitions": PoolRealArray( 2, 2 ),
"update": 0,
"values": [ Vector2( 64, 64 ), Vector2( 64, -1000 ) ]
}

[sub_resource type="Animation" id=2]
resource_name = "start"
length = 0.5
tracks/0/type = "value"
tracks/0/path = NodePath("VBoxContainer:rect_position")
tracks/0/interp = 2
tracks/0/loop_wrap = true
tracks/0/imported = false
tracks/0/enabled = true
tracks/0/keys = {
"times": PoolRealArray( 0, 0.5 ),
"transitions": PoolRealArray( 0.5, 0.31864 ),
"update": 0,
"values": [ Vector2( 64, -1000 ), Vector2( 64, 64 ) ]
}

[node name="LoadGame" type="Control"]
anchor_right = 1.0
anchor_bottom = 1.0
script = ExtResource( 1 )
__meta__ = {
"_edit_use_anchors_": false
}

[node name="Sprite" type="Sprite" parent="."]
position = Vector2( 960, 540 )
rotation = 1.5708
texture = ExtResource( 2 )

[node name="VBoxContainer" type="VBoxContainer" parent="."]
anchor_right = 1.0
anchor_bottom = 1.0
margin_left = 64.0
margin_top = -1000.0
margin_right = -64.0
margin_bottom = -1120.0
__meta__ = {
"_edit_use_anchors_": false
}

[node name="Title" type="HBoxContainer" parent="VBoxContainer"]
margin_top = 77.0
margin_right = 1792.0
margin_bottom = 111.0
size_flags_horizontal = 7
size_flags_vertical = 6

[node name="Label" type="Label" parent="VBoxContainer/Title"]
margin_left = 326.0
margin_right = 567.0
margin_bottom = 34.0
size_flags_horizontal = 6
custom_fonts/font = ExtResource( 3 )
text = "KEY_LOAD_GAME"
align = 1
valign = 1

[node name="Label2" type="Label" parent="VBoxContainer/Title"]
margin_left = 1206.0
margin_right = 1483.0
margin_bottom = 34.0
size_flags_horizontal = 6
custom_fonts/font = ExtResource( 3 )
text = "KEY_REMOVE_SAVE"
align = 1
valign = 1

[node name="Save1" type="HBoxContainer" parent="VBoxContainer"]
margin_top = 249.0
margin_right = 1792.0
margin_bottom = 324.0
size_flags_horizontal = 7
size_flags_vertical = 6

[node name="Button" type="Button" parent="VBoxContainer/Save1"]
margin_left = 297.0
margin_right = 597.0
margin_bottom = 75.0
rect_min_size = Vector2( 300, 75 )
focus_mode = 0
mouse_default_cursor_shape = 2
size_flags_horizontal = 6
size_flags_vertical = 6
custom_fonts/font = ExtResource( 3 )
icon = ExtResource( 6 )
flat = true
clip_text = true
expand_icon = true
script = ExtResource( 5 )

[node name="Label" type="Label" parent="VBoxContainer/Save1/Button"]
anchor_left = 0.5
anchor_top = 0.5
anchor_right = 0.5
anchor_bottom = 0.5
margin_left = -87.0
margin_top = -17.0
margin_right = 87.0
margin_bottom = 17.0
custom_fonts/font = ExtResource( 7 )
text = "Load Game 1"
align = 1
valign = 1
__meta__ = {
"_edit_use_anchors_": false
}

[node name="Button2" type="Button" parent="VBoxContainer/Save1"]
margin_left = 1195.0
margin_right = 1495.0
margin_bottom = 75.0
rect_min_size = Vector2( 300, 75 )
focus_mode = 0
mouse_default_cursor_shape = 2
size_flags_horizontal = 6
size_flags_vertical = 6
custom_fonts/font = ExtResource( 3 )
icon = ExtResource( 6 )
flat = true
clip_text = true
expand_icon = true
script = ExtResource( 5 )

[node name="Label" type="Label" parent="VBoxContainer/Save1/Button2"]
anchor_left = 0.5
anchor_top = 0.5
anchor_right = 0.5
anchor_bottom = 0.5
margin_left = -127.5
margin_top = -17.0
margin_right = 127.5
margin_bottom = 17.0
custom_fonts/font = ExtResource( 7 )
text = "Remove Save 1"
align = 1
valign = 1
__meta__ = {
"_edit_use_anchors_": false
}

[node name="Save2" type="HBoxContainer" parent="VBoxContainer"]
margin_top = 442.0
margin_right = 1792.0
margin_bottom = 517.0
size_flags_horizontal = 7
size_flags_vertical = 6

[node name="Button" type="Button" parent="VBoxContainer/Save2"]
margin_left = 297.0
margin_right = 597.0
margin_bottom = 75.0
rect_min_size = Vector2( 300, 75 )
focus_mode = 0
mouse_default_cursor_shape = 2
size_flags_horizontal = 6
size_flags_vertical = 6
custom_fonts/font = ExtResource( 3 )
icon = ExtResource( 6 )
flat = true
clip_text = true
expand_icon = true
script = ExtResource( 5 )

[node name="Label" type="Label" parent="VBoxContainer/Save2/Button"]
anchor_left = 0.5
anchor_top = 0.5
anchor_right = 0.5
anchor_bottom = 0.5
margin_left = -87.0
margin_top = -17.0
margin_right = 87.0
margin_bottom = 17.0
custom_fonts/font = ExtResource( 7 )
text = "Load game 2"
align = 1
valign = 1
__meta__ = {
"_edit_use_anchors_": false
}

[node name="Button2" type="Button" parent="VBoxContainer/Save2"]
margin_left = 1195.0
margin_right = 1495.0
margin_bottom = 75.0
rect_min_size = Vector2( 300, 75 )
focus_mode = 0
mouse_default_cursor_shape = 2
size_flags_horizontal = 6
size_flags_vertical = 6
custom_fonts/font = ExtResource( 3 )
icon = ExtResource( 6 )
flat = true
clip_text = true
expand_icon = true
script = ExtResource( 5 )

[node name="Label" type="Label" parent="VBoxContainer/Save2/Button2"]
anchor_left = 0.5
anchor_top = 0.5
anchor_right = 0.5
anchor_bottom = 0.5
margin_left = -128.0
margin_top = -17.0
margin_right = 128.0
margin_bottom = 17.0
custom_fonts/font = ExtResource( 7 )
text = "Remove Save 2"
align = 1
valign = 1
__meta__ = {
"_edit_use_anchors_": false
}

[node name="Save3" type="HBoxContainer" parent="VBoxContainer"]
margin_top = 635.0
margin_right = 1792.0
margin_bottom = 710.0
size_flags_horizontal = 7
size_flags_vertical = 6

[node name="Button" type="Button" parent="VBoxContainer/Save3"]
margin_left = 297.0
margin_right = 597.0
margin_bottom = 75.0
rect_min_size = Vector2( 300, 75 )
focus_mode = 0
mouse_default_cursor_shape = 2
size_flags_horizontal = 6
size_flags_vertical = 6
custom_fonts/font = ExtResource( 3 )
icon = ExtResource( 6 )
flat = true
clip_text = true
expand_icon = true
script = ExtResource( 5 )

[node name="Label" type="Label" parent="VBoxContainer/Save3/Button"]
anchor_left = 0.5
anchor_top = 0.5
anchor_right = 0.5
anchor_bottom = 0.5
margin_left = -87.0
margin_top = -17.0
margin_right = 87.0
margin_bottom = 17.0
custom_fonts/font = ExtResource( 7 )
text = "Load game 3"
align = 1
valign = 1
__meta__ = {
"_edit_use_anchors_": false
}

[node name="Button2" type="Button" parent="VBoxContainer/Save3"]
margin_left = 1195.0
margin_right = 1495.0
margin_bottom = 75.0
rect_min_size = Vector2( 300, 75 )
focus_mode = 0
mouse_default_cursor_shape = 2
size_flags_horizontal = 6
size_flags_vertical = 6
custom_fonts/font = ExtResource( 3 )
text = "Remove Save 3"
icon = ExtResource( 6 )
flat = true
clip_text = true
expand_icon = true
script = ExtResource( 5 )

[node name="Label" type="Label" parent="VBoxContainer/Save3/Button2"]
anchor_left = 0.5
anchor_top = 0.5
anchor_right = 0.5
anchor_bottom = 0.5
margin_left = -128.0
margin_top = -17.0
margin_right = 128.0
margin_bottom = 17.0
custom_fonts/font = ExtResource( 7 )
text = "KEY_REMOVE_SAVE 3"
align = 1
valign = 1
__meta__ = {
"_edit_use_anchors_": false
}

[node name="BackButton" type="HBoxContainer" parent="VBoxContainer"]
margin_top = 828.0
margin_right = 1792.0
margin_bottom = 903.0
size_flags_horizontal = 7
size_flags_vertical = 6

[node name="ExitButton" type="Button" parent="VBoxContainer/BackButton"]
margin_left = 746.0
margin_right = 1046.0
margin_bottom = 75.0
rect_min_size = Vector2( 300, 75 )
focus_mode = 0
mouse_default_cursor_shape = 2
size_flags_horizontal = 6
size_flags_vertical = 6
custom_fonts/font = ExtResource( 3 )
text = "Exit"
icon = ExtResource( 6 )
flat = true
clip_text = true
expand_icon = true
script = ExtResource( 5 )

[node name="Label" type="Label" parent="VBoxContainer/BackButton/ExitButton"]
anchor_left = 0.5
anchor_top = 0.5
anchor_right = 0.5
anchor_bottom = 0.5
margin_left = -87.0
margin_top = -17.0
margin_right = 87.0
margin_bottom = 17.0
custom_fonts/font = ExtResource( 7 )
text = "KEY_EXIT"
align = 1
valign = 1
__meta__ = {
"_edit_use_anchors_": false
}

[node name="WorldEnvironment" type="WorldEnvironment" parent="."]
environment = ExtResource( 4 )

[node name="AnimationPlayer" type="AnimationPlayer" parent="."]
anims/quit = SubResource( 1 )
anims/start = SubResource( 2 )

[connection signal="pressed" from="VBoxContainer/Save1/Button" to="." method="_on_Save1_pressed"]
[connection signal="pressed" from="VBoxContainer/Save1/Button2" to="." method="_on_RemoveSave1_pressed"]
[connection signal="pressed" from="VBoxContainer/Save2/Button" to="." method="_on_Save2_pressed"]
[connection signal="pressed" from="VBoxContainer/Save2/Button2" to="." method="_on_RemoveSave2_pressed"]
[connection signal="pressed" from="VBoxContainer/Save3/Button" to="." method="_on_Save3_pressed"]
[connection signal="pressed" from="VBoxContainer/Save3/Button2" to="." method="_on_RemoveSave3_pressed"]
[connection signal="pressed" from="VBoxContainer/BackButton/ExitButton" to="." method="_on_ExitButton_pressed"]
